[Event "US Masters 2024"]
[Site "Charlotte"]
[Date "2024.11.28"]
[Round "1.1"]
[White "Amburgy, Ryan"]
[Black "Caruana, Fabiano"]
[Result "0-1"]
[ECO "E18"]
[WhiteElo "2234"]
[BlackElo "2805"]
[Annotator "RC"]
[PlyCount "100"]
[EventDate "2024.09.23"]
[EventType "swiss"]
[EventCountry "USA"]
[SourceTitle "playchess.com"]
[Source "ChessBase"]
[SourceQuality "1"]
[TimeControl "5400+30"]

1. d4 Nf6 2. c4 e6 3. Nf3 b6 4. g3 Bb7 5. Bg2 Be7 6. O-O O-O 7. Nc3 Ne4 8. Bd2 Nxd2 9. Qxd2 d6 10. d5 e5 11. Qc2 Nd7 12. Nd2 f5 13. f4 e4 14. g4 g6 15. g5 h6 16. h4 hxg5 17. hxg5 Bxg5 18. fxg5 Qxg5 19. Ndxe4 fxe4 20. Qxe4 Ne5 21. Nb5 Qe7 22. Nd4 Rae8 23. b3 Bc8 24. Rxf8+ Kxf8 25. Rf1+ Kg7 26. Qf4 Rh8 27. Qg3 Rh5 28. Rf4 Bd7 29. Kf1 a5 30. Qe3 Rh4 31. Qg3 Rh5 32. Qe3 Qg5 33. Nf3 Qg3 34. Re4 Nxf3 35. exf3 Rh2 36. Qf2 Rxg2 37. Qxg3 Rxg3 38. Kf2 Bf5 39. Kxg3 Bxe4 40. fxe4 Kf6 41. Kf4 g5+ 42. Kg4 a4 43. Kg3 axb3 44. axb3 Ke5 45. Kg4 Kxe4 46. Kxg5 b5 47. Kf6 bxc4 48. bxc4 Kd4 49. Ke6 Kxc4 50. Kd7 Kxd5 0-1

[Event "US Masters 2024"]
[Site "Charlotte"]
[Date "2024.11.28"]
[Round "1.2"]
[White "Liang, Awonder"]
[Black "Oberoi, Shelev"]
[Result "1-0"]
[ECO "A04"]
[WhiteElo "2687"]
[BlackElo "2232"]
[Annotator "TA"]
[PlyCount "65"]
[EventDate "2024.09.23"]
[EventType "swiss"]
[EventCountry "USA"]
[SourceTitle "playchess.com"]
[Source "ChessBase"]
[SourceQuality "1"]
[TimeControl "5400+30"]

1. Nf3 c5 2. g3 Nc6 3. Bg2 e5 4. e4 g6 5. O-O Bg7 6. d3 Nge7 7. c3 O-O 8. a3 d6 9. b4 h6 10. Nbd2 Be6 11. Bb2 b6 12. Re1 Qd7 13. Qe2 Rad8 {[%emt 0:06:27] The position is equal.} 14. Rad1 f5 {[%emt 0:04:19] [#]} (14... Rc8 $11) 15. d4 $1 $14 fxe4 16. Nxe4 {[%emt 0:00:12] Threatens to win with dxe5.} Bb3 $1 17. Rc1 (17. dxc5 Bxd1 18. Rxd1 d5 $11) 17... exd4 18. cxd4 cxd4 (18... Bd5 $16 {was necessary.}) 19. b5 $18 Ne5 (19... Na5 $142) 20. Nxd4 Bd5 21. f4 Bxe4 22. Bxe4 (22. Qxe4 d5 23. Qe2 Nc4 $11) 22... d5 23. Bb1 {[%emt 0:00:06] This pair of bishops is nice.} Nc4 24. Qxe7 Nxb2 25. Qb4 Rxf4 $2 (25... Nc4 26. Ne6 Rde8) 26. gxf4 Qg4+ 27. Kh1 Bxd4 28. Qb3 {[%emt 0:07:24] Wards off Qf3+. And now Rc6 would win.} Bf2 $2 {[%emt 0:03:58] [#]} (28... Nc4 29. Qg3 Qxg3 30. hxg3 Be3) 29. Rc6 $1 g5 (29... Bxe1 30. Rxg6+) 30. Rg6+ (30. Re8+ $142 Kf7 31. Bg6+ (31. Rxd8 $2 Qg1#) 31... Kg7 32. Qc3+ (32. Rxd8 $2 Qg1#) (32. Qxb2+ d4 33. Qxf2 Qd7 34. fxg5 Rxe8 35. gxh6+ Kg8 36. Bxe8 Qd5+ 37. Qg2+ Qxg2+ 38. Kxg2 Kh7) 32... d4 33. Re7+ (33. Qxb2 $2 Qg1#) 33... Kf8 34. Rf6+ (34. Rf7+ $2 Kg8 $19) 34... Kg8 35. Qb3+ (35. Qxb2 $2 Qg1#) 35... Nc4 36. Qxc4+ Rd5 37. Qxd5+ Kh8 38. Rh7#) 30... Kf7 31. Rf1 Qe2 32. Qh3 {[%emt 0:00:50] Threatening mate with Qf5+.} Ke7 {[%emt 0:03:08] [#]} 33. Rxf2 $1 {[%emt 0:00:36][%mdl 512] Black got outplayed after the opening.   Weighted Error Value: White=0.19 (very precise) /Black=0.93.  Mistake:       	---       	Black=5      Inaccurate:     	White=1     	Black=2      OK:         	White=5     	Black=6      Best:        	White=3     	Black=1      Strong:       	---       	Black=1      Brilliant:      	White=1     	---} 1-0

[Event "US Masters 2024"]
[Site "Charlotte"]
[Date "2024.11.28"]
[Round "1.3"]
[White "Caglar, Sila"]
[Black "Oparin, Grigoriy"]
[Result "0-1"]
[ECO "B50"]
[WhiteElo "2228"]
[BlackElo "2653"]
[Annotator "TA"]
[PlyCount "68"]
[EventDate "2024.09.23"]
[EventType "swiss"]
[EventCountry "USA"]
[SourceTitle "playchess.com"]
[Source "ChessBase"]
[SourceQuality "1"]
[TimeControl "5400+30"]

1. e4 c5 2. Nf3 Nc6 3. Nc3 d6 4. g3 g6 5. Bg2 Bg7 6. O-O Rb8 7. a4 e6 8. d3 Nge7 9. Be3 {[%emt 0:01:20] The position is equal.} Nd4 10. Rb1 O-O 11. Ne2 Nxf3+ 12. Bxf3 b6 13. c3 Bb7 14. Bg2 Qd7 15. d4 Bc6 16. b3 Qb7 17. Qd3 (17. Qc2 $142) 17... d5 $11 18. e5 {[%emt 0:04:23] [#]} c4 $1 19. Qd1 (19. bxc4 $2 {loses.} dxc4 20. Bxc6 cxd3 $19 (20... Qxc6 21. Qc2 $15)) (19. Qc2 cxb3) 19... cxb3 20. Qxb3 Qa6 21. Rfe1 Bxa4 22. Qa3 (22. Qa2 $11) 22... Nf5 $17 23. Ra1 Nxe3 24. fxe3 b5 25. c4 dxc4 26. Nc3 Rfc8 27. Nxa4 (27. h4 $17) 27... bxa4 $19 28. Qxa4 Qxa4 29. Rxa4 c3 30. Be4 c2 31. Raa1 Bh6 32. Rac1 Rc3 33. Kf2 {[%emt 0:00:42] [#]} Rbb3 $1 34. Bxc2 $2 (34. Rxc2 Bxe3+ (34... Rxe3 35. d5 $17) 35. Kg2 Bxd4 36. Rxc3 Rxc3 (36... Bxc3 $2 37. Re3 $19) 37. Re2) 34... Ra3 {[%emt 0:00:23] Weighted Error Value: White=0.37/Black=0.04 (flawless) .  Mistake:       	White=4     	---        Inaccurate:     	White=2     	Black=1      OK:         	White=7     	Black=18     Best:        	White=1     	Black=2} ({Less strong is} 34... Bxe3+ 35. Rxe3 Rxe3 36. Bxb3 Rxb3 37. h3 $17) 0-1

[Event "US Masters 2024"]
[Site "Charlotte"]
[Date "2024.11.28"]
[Round "1.4"]
[White "Tari, Aryan"]
[Black "Andersen, Gunnar"]
[Result "1/2-1/2"]
[ECO "B30"]
[WhiteElo "2628"]
[BlackElo "2227"]
[Annotator "TA"]
[PlyCount "71"]
[EventDate "2024.09.23"]
[EventType "swiss"]
[EventCountry "USA"]
[SourceTitle "playchess.com"]
[Source "ChessBase"]
[SourceQuality "1"]
[TimeControl "5400+30"]

1. e4 c5 2. Nf3 Nc6 3. Bb5 e6 4. Bxc6 bxc6 5. d3 Qc7 6. O-O e5 7. c3 Nf6 8. d4 cxd4 {[%emt 0:01:57] White has an edge.} 9. cxd4 exd4 10. Qxd4 Qb6 11. Qe5+ Be7 12. Be3 c5 13. Nbd2 d6 14. Qc3 O-O 15. Bg5 Re8 16. Qc2 Be6 17. Rfe1 h6 18. Bh4 a5 19. Nc4 Qa6 20. Nfd2 (20. Nxd6 $5 Qxd6 (20... Bxd6 21. e5 $11) 21. e5 $11) 20... a4 21. h3 Rab8 22. Bg3 Rb4 23. Rac1 Rd8 24. e5 dxe5 25. Bxe5 Nd7 {[%emt 0:01:34] aiming for ...Nxe5.} 26. Bc7 Re8 27. a3 Rb7 28. Bg3 Rd8 29. Ne4 Bxc4 30. Qxc4 Qxc4 31. Rxc4 Rxb2 32. Rxa4 Nb6 33. Ra6 Nd5 {[%emt 0:03:00] Inhibits Bc7.} 34. Ra7 c4 35. Rd1 {[%emt 0:00:01] [#]} (35. Be5 $11 {remains equal.} Rc2 36. g4) 35... Kf8 $1 $17 36. Ra5 {[%emt 0:04:06] Weighted Error Value: White=0.15 (very precise) /Black=0.06 (flawless) .  Mistake:       	White=2     	---        Inaccurate:     	White=3     	Black=4      OK:         	White=9     	Black=12     Best:        	---       	Black=1      Strong:       	---       	Black=1} (36. Be5 $17 Re2 37. f3) 1/2-1/2

[Event "US Masters 2024"]
[Site "Charlotte"]
[Date "2024.11.28"]
[Round "1.5"]
[White "Wu, Derek"]
[Black "Durarbayli, Vasif"]
[Result "1/2-1/2"]
[ECO "B96"]
[WhiteElo "2225"]
[BlackElo "2626"]
[Annotator "TA"]
[PlyCount "194"]
[EventDate "2024.09.23"]
[EventType "swiss"]
[EventCountry "USA"]
[SourceTitle "playchess.com"]
[Source "ChessBase"]
[SourceQuality "1"]
[TimeControl "5400+30"]

1. e4 c5 2. Nf3 d6 3. d4 cxd4 4. Nxd4 Nf6 5. Nc3 a6 6. Bg5 e6 7. f4 h6 8. Bh4 Nbd7 {[%emt 0:00:05] B96: Sicilian Najdorf: 6 Bg5 e6 7 f4, lines other than 7...Qb6 and 7...Be7.} 9. Qe2 e5 $1 {[%emt 0:00:40] The main line 9...e5 scores better than 9...Qc7.} 10. fxe5 dxe5 11. Nf5 Nb6 12. Qf3 Be6 13. Rd1 Nbd7 14. Bf2 $146 ({Predecessor:} 14. Be2 Qb6 15. Rb1 Rc8 16. Bf2 Rxc3 17. Bxb6 Rxf3 18. gxf3 Nxb6 19. Ne3 Bc5 20. Ng2 Bxa2 {0-1 Vandan,A (2167)-Golubovskis,M (2192) Budapest Vezerkepzo Haag IM-B 11 2024 (3)}) 14... g6 15. Ne3 h5 16. Be2 Ng4 17. Nxg4 hxg4 18. Qd3 Rc8 19. O-O Bc5 20. Bxc5 Rxc5 21. b4 Rc8 22. Nd5 Qh4 23. Qg3 Qxg3 24. hxg3 Rxc2 25. Rc1 Rxc1 26. Rxc1 Kd8 27. Nc7 Bxa2 28. Bxg4 Nf6 29. Bh3 Ke7 30. b5 axb5 31. Nxb5 Nxe4 32. Rc7+ Kf6 33. Rxb7 Nxg3 34. Nc3 Be6 35. Rb6 Nf5 36. Ne4+ Kg7 37. Ng5 Bc8 38. Rc6 Ne7 39. Rc7 Bxh3 40. Rxe7 {[%emt 0:00:40] [#]} Kf6 $2 (40... Be6 $1 $19 {and Black stays clearly on top. ...Kf6 would now be deadly.} 41. Ra7 Bd5) 41. Rxe5 $17 Bf5 ({Don't play} 41... Kxe5 $6 42. Nxf7+ Kf6 43. Nxh8 $11) 42. Nf3 g5 43. Ra5 g4 44. Ra6+ Be6 45. Nd4 Rd8 46. Ra4 g3 47. Kf1 Bg4 48. Nf3 $1 Bc8 49. Rf4+ Kg7 50. Ke2 Re8+ 51. Kd2 Re7 52. Nd4 Ra7 53. Rf3 Ra2+ 54. Nc2 Bb7 55. Rxg3+ Kf6 56. Ra3 $1 Rb2 57. Kc3 Rb5 58. Ne3 Rg5 59. g4 Re5 60. Kd2 Kg5 61. Ke2 Rb5 62. Kf2 Kh4 63. Ra2 Rb4 64. Rc2 Rf4+ 65. Kg1 Rf3 66. Rc7 Ba6 67. Rc3 Rf6 68. Ra3 Bb7 69. Ra4 Rb6 70. Rf4 f6 71. Kh2 Rb2+ 72. Kg1 Re2 73. Rb4 Ba8 74. Ra4 Bb7 75. Nf5+ Kh3 76. Kf1 Rb2 77. Rf4 Bc8 78. Ke1 Rb6 79. Kf2 Bd7 80. Rd4 Rb2+ 81. Ke3 Bc8 82. Rd6 Kxg4 83. Ne7 Bb7 84. Rxf6 Rb1 85. Rf2 Bf3 86. Ng6 Re1+ 87. Kd2 Re6 88. Nf8 Re8 89. Ng6 Kg3 90. Rf1 Re6 91. Nh4 Be4 92. Nf5+ Kh3 93. Nd4 Ra6 94. Ke3 Bg2 95. Rf8 Bd5 96. Rd8 Bc4 97. Rc8 Bd5 1/2-1/2

[Event "US Masters 2024"]
[Site "Charlotte"]
[Date "2024.11.28"]
[Round "1.7"]
[White "Graif, William"]
[Black "Mishra, Abhimanyu"]
[Result "0-1"]
[ECO "B22"]
[WhiteElo "2215"]
[BlackElo "2616"]
[Annotator "TA"]
[PlyCount "100"]
[EventDate "2024.09.23"]
[EventType "swiss"]
[EventCountry "USA"]
[SourceTitle "playchess.com"]
[Source "ChessBase"]
[SourceQuality "1"]
[TimeControl "5400+30"]

1. e4 c5 2. c3 Nf6 3. e5 Nd5 4. d4 cxd4 5. Nf3 d6 6. Bb5+ Bd7 7. Bc4 e6 8. cxd4 (8. Qxd4 Nc6 9. Qe4 dxe5 10. Nxe5 Nf6 $15) 8... Be7 9. Bxd5 exd5 10. Nc3 Be6 11. Qb3 Qd7 12. Bf4 (12. Nxd5 $2 {loses.} dxe5 13. Nxe5 Qxd5 $19) 12... Nc6 13. exd6 Bxd6 14. Bxd6 Qxd6 15. O-O Rb8 16. Nb5 Qe7 17. Qe3 O-O 18. Rfe1 Qd7 19. Rac1 Bg4 20. h3 Rbe8 21. Qf4 Bxf3 22. Qxf3 Re6 23. Kf1 h6 24. Nc3 Nxd4 25. Qxd5 Rd6 26. Qe4 Rd8 27. Rcd1 b5 28. a3 a5 29. Qe7 {[%emt 0:00:26] [#]} (29. Ne2 $11) 29... Qc6 (29... Qc8 $1 $17 {And now ...b4 would win.} 30. Qe4 Re6) 30. Qe4 $15 {[%emt 0:00:40][%cal Od1d4] Black must now prevent Rxd4!} Qc5 31. Ne2 Ne6 32. Rxd6 Qxd6 33. Ng3 Qd2 (33... g6 {simplifies} 34. b4 axb4 35. Qxb4 Qxb4 36. axb4 h5) 34. Qe2 Nf4 35. Qxb5 (35. Qe3 {simplifies} Kh7 36. Ne4 Qxe3 37. fxe3 Nd5 38. Ke2) 35... Nd3 {[%emt 0:01:21][%csl Gd3][%cal Rd2e1] [#]} 36. Re8+ Rxe8 37. Qxe8+ $11 {[%emt 0:00:02][%mdl 4096] Endgame. KQN-KQN} Kh7 38. Kg1 Qxf2+ 39. Kh2 Nxb2 (39... Qxb2 $2 {too greedy.} 40. Qe4+ (40. Qxf7 Qxa3 41. Ne4 Qa1 $11) 40... g6 41. Qxd3 $18) 40. Qe4+ (40. Qe5 $11 g6 41. Ne4) 40... g6 $15 41. h4 Nd1 42. h5 {[%emt 0:00:15] aiming for hxg6+.} Qf6 (42... Qa7 $1 $15) 43. hxg6+ $11 {[%emt 0:00:59] The position is equal.} fxg6 44. Qb7+ Qg7 45. Qd5 Ne3 46. Qxa5 Ng4+ 47. Kh3 Nf2+ 48. Kh2 Ng4+ 49. Kh3 Qd7 50. a4 h5 {[%emt 0:00:54][%mdl 32768] Weighted Error Value: White=0.08 (flawless) /Black=0.06 (flawless) .  Mistake:       	White=2     	Black=2      Inaccurate:     	---       	Black=2      OK:         	White=18    	Black=13     Best:        	White=6     	Black=2     . Loss on time!?} 0-1

[Event "US Masters 2024"]
[Site "Charlotte"]
[Date "2024.11.28"]
[Round "1.8"]
[White "Theodorou, Nikolas"]
[Black "Tang, Benjamin"]
[Result "1-0"]
[ECO "A38"]
[WhiteElo "2612"]
[BlackElo "2215"]
[Annotator "TA"]
[PlyCount "77"]
[EventDate "2024.09.23"]
[EventType "swiss"]
[EventCountry "USA"]
[SourceTitle "playchess.com"]
[Source "ChessBase"]
[SourceQuality "1"]
[TimeControl "5400+30"]

1. Nf3 Nf6 2. g3 g6 3. b3 Bg7 4. Bb2 c5 5. c4 d6 6. Bg2 e5 7. O-O O-O 8. d3 Nc6 9. Nc3 Ne8 10. a3 a5 11. Ne1 Rb8 12. Nc2 {[%emt 0:02:54] The position is equal.} Be6 13. Ne3 Nc7 14. Ned5 Ne7 15. Nxc7 Qxc7 16. Qd2 Nc6 17. e3 Qd7 18. f4 f5 19. Rad1 Rfe8 20. h3 h6 21. Kh2 g5 ({Black should play} 21... Na7 $14) 22. Nb5 {[%emt 0:01:28] fxg5 is the strong threat.} gxf4 23. gxf4 (23. exf4 Kh7 $14) 23... Kh7 24. d4 cxd4 25. exd4 e4 $2 (25... exd4 $16 {was necessary.} 26. Bxd4 (26. Nxd4 Nxd4 27. Bxd4 a4 $14) 26... Nxd4 27. Nxd4 a4) 26. d5 $18 e3 27. dxe6 Rxe6 28. Qe2 Bxb2 29. Rd3 $2 (29. Qxb2 e2 30. Qc2 Rf8 $17 (30... exf1=Q 31. Bxf1 Rg6 32. Bg2 $17) (30... exf1=N+ $2 31. Bxf1 Rg6 32. Qf2 $17)) (29. Rg1 $18 Bg7 30. Bd5) 29... Bg7 (29... Qg7 $11 {remains equal.}) 30. Rxe3 (30. Bd5 $142 Re7 31. Rg1 (31. Rxe3 Rbe8 $16)) 30... Rbe8 $16 31. Rxe6 Qxe6 32. Qd3 {[%emt 0:00:02][%cal Ob5c7] [#] And now Nc7! would win.} Rd8 33. Rd1 Qg6 34. Kh1 Bf8 35. Rg1 Qf6 36. Nc7 Bg7 {[%emt 0:01:54] Black is weak on the light squares} 37. Bd5 Nd4 {[%emt 0:00:34] Inhibits Qe2.} 38. Qe3 {[%emt 0:00:55][%cal Oc7e8] [#] Strongly threatening Ne8! White has more active pieces.} (38. Bxb7 $2 {too greedy.} Qe7 39. Rxg7+ Qxg7 $17) 38... Rd7 $2 (38... Qf8 $16 39. b4 (39. Bxb7 Rb8 $17) 39... a4) 39. Ne8 {[%emt 0:01:51] Weighted Error Value: White=0.26 (precise) /Black=0.33.  Loses game:     	---       	Black=2      Missed win:     	White=1     	---        Mistake:       	White=1     	Black=2      Inaccurate:     	White=4     	Black=3      OK:         	White=12    	Black=10     Best:        	White=2     	Black=1} 1-0

[Event "US Masters 2024"]
[Site "Charlotte"]
[Date "2024.11.28"]
[Round "1.9"]
[White "Peycheva, Gergana"]
[Black "Bortnyk, Olexandr"]
[Result "0-1"]
[ECO "A50"]
[WhiteElo "2212"]
[BlackElo "2603"]
[Annotator "TA"]
[PlyCount "119"]
[EventDate "2024.09.23"]
[EventType "swiss"]
[EventCountry "USA"]
[SourceTitle "playchess.com"]
[Source "ChessBase"]
[SourceQuality "1"]
[TimeControl "5400+30"]

1. d4 Nf6 2. c4 b6 3. Nc3 Bb7 4. Nf3 g6 5. d5 Bg7 6. e4 e5 7. Bd3 Qe7 8. O-O {[%emt 0:06:58] White is slightly better.} a5 9. d6 cxd6 10. Be3 Na6 11. Bxb6 Nc5 12. Re1 O-O 13. Bc2 Ra6 14. Bxc5 dxc5 15. Qd2 d6 16. Rad1 Nh5 (16... a4 $5) 17. Ba4 {[%emt 0:05:51] White wants to play Bb5.} Rd8 18. Bb5 Raa8 19. g3 Qf8 20. Nd5 Bh6 21. Qe2 Ng7 22. Nf6+ {[%emt 0:04:26] Excellent horsemanship.} Kh8 23. Ng4 (23. Qd3 $11 Qe7 24. Nd5 Bxd5 25. Qxd5 (25. cxd5 f5 $11)) 23... Ne6 $15 24. Nxh6 Qxh6 25. Qe3 Qh5 26. Rd3 (26. Ba4 $15) 26... f5 $17 27. exf5 Qxf5 28. Nh4 Qf6 {[%emt 0:00:09] White must now prevent ...Nd4.} 29. Ba4 (29. f4 $17 Nd4 (29... exf4 $2 30. Qxe6 Qxb2 31. gxf4 $18) 30. fxe5 dxe5 31. Rf1 (31. Qxe5 $2 Qxe5 32. Rxe5 Ne2+ 33. Kf2 Rxd3 $19)) 29... g5 30. Ng2 Nd4 31. Bd1 {[%emt 0:00:23] Repels Nf3+} Rf8 32. Bg4 (32. Rf1 $17 {was necessary.}) 32... e4 33. Rd2 Rae8 (33... Bc8 $1 $17 34. Bd1 Nf3+ 35. Bxf3 exf3) 34. Qc3 $1 $11 a4 (34... Kg8 $17) 35. Ne3 Bc6 36. Nc2 $1 a3 37. Nxd4 cxd4 38. Qxd4 Qxd4 39. Rxd4 axb2 40. Rd2 e3 $1 41. fxe3 Rxe3 42. Be2 h5 (42... Rb8 $6 43. Rb1 $16) 43. Rxb2 {[%emt 0:00:41] next Rd1 is good for White.} h4 44. Rf1 Ra8 (44... Rxf1+ $11 45. Kxf1 hxg3 46. hxg3 Rxg3) 45. Rfb1 (45. gxh4 $16 gxh4 46. Rf6) 45... hxg3 46. hxg3 Rxg3+ 47. Kf2 (47. Kf1 $1 $11 {remains equal.}) 47... Rg2+ $17 48. Ke1 Re8 $1 {[%emt 0:00:23] Black is much more active.} 49. Kf1 g4 $1 50. Rd1 $2 (50. Rb8 $2 Rgxe2 51. Rxe8+ Rxe8 $19) (50. Bd3 $17 {only move.} Rf8+ 51. Ke1 Rxb2 52. Rxb2) 50... g3 $19 51. Rxd6 Rf2+ $2 (51... Rf8+ $1 $19 {has better winning chances.} 52. Ke1 Rg1+ 53. Kd2 g2 54. Rh6+ (54. Rxc6 $2 Rd1+ 55. Bxd1 g1=Q $19) 54... Kg7 55. Rxc6 Rgf1) 52. Kg1 $17 Rg2+ $2 (52... Rfxe2 53. Rxe2 Rxe2 54. Rxc6 $11) (52... Be4 $17 53. Rh6+ Kg7) 53. Kf1 $19 Rf8+ $1 54. Ke1 Rg1+ $1 55. Kd2 {[%emt 0:00:12] [#]} g2 $1 56. Rg6 (56. Rh6+ Kg7) 56... Rg8 57. Rh6+ Kg7 58. Rxc6 {[%emt 0:00:03] [#] White threatens Rb7+ and mate.} Rh1 $1 ({Stronger than} 58... Rd1+ 59. Bxd1 (59. Kxd1 $2 g1=Q+ 60. Kc2 Re8 $19) 59... Rd8+ 60. Kc3 $11) 59. Rbb6 {[%emt 0:00:59] And now Rg6+ would win.} Kh8 $2 (59... g1=B $2 {perishes.} 60. Rc7+ Kh8 61. Rb5 $18) (59... g1=Q $19 {( -> ...Rd8+)} 60. Rg6+ Qxg6 61. Rxg6+ Kxg6) 60. Rb7 $2 {[%emt 0:00:55][%mdl 8192] Weighted Error Value: White=0.39/Black=0.35.  Loses game:     	White=2     	---        Missed win:     	---       	Black=1      Mistake:       	White=6     	Black=4      Inaccurate:     	White=5     	Black=3      OK:         	White=14    	Black=14     Best:        	White=6     	Black=4      Strong:       	White=2     	Black=6} (60. Rh6+ Rxh6 61. Rxh6+ Kg7) (60. Rg6 $11 g1=Q 61. Rxg1 Rhxg1 62. c5) 0-1

[Event "US Masters 2024"]
[Site "Charlotte"]
[Date "2024.11.28"]
[Round "1.10"]
[White "Antipov, Mikhail Al."]
[Black "Antova, Gabriela"]
[Result "1-0"]
[ECO "C55"]
[WhiteElo "2602"]
[BlackElo "2205"]
[Annotator "TA"]
[PlyCount "61"]
[EventDate "2024.09.23"]
[EventType "swiss"]
[EventCountry "USA"]
[SourceTitle "playchess.com"]
[Source "ChessBase"]
[SourceQuality "1"]
[TimeControl "5400+30"]

1. e4 e5 2. Nf3 Nc6 3. Bc4 Nf6 4. d3 h6 5. O-O d6 6. a4 g6 7. a5 a6 8. Nc3 Bg7 {[%emt 0:00:37] The position is equal.} 9. h3 O-O 10. Re1 Nb4 11. Ne2 c5 12. c3 Nc6 13. Qa4 Be6 14. Ng3 Kh7 15. Be3 Nd7 (15... Bxc4 $11 {remains equal.} 16. dxc4 Qe7) 16. Bxe6 $16 fxe6 17. Qb3 Nxa5 18. Qxe6 Rf6 19. Qg4 {[%emt 0:02:41] White is much more active.} Nc6 20. h4 Nf8 21. h5 Qd7 (21... g5 $16) 22. hxg6+ $18 Rxg6 23. Qh5 {[%emt 0:00:42] aiming for Nh4.} Qg4 (23... Ne6 $16 {was necessary.} 24. Nf5 (24. Nh4 Rf6 $18) 24... Rg8) 24. Nh4 Qxh5 25. Nxh5 Re6 26. Nf5 Bh8 27. g4 Nd7 28. Kg2 Ne7 (28... Nd8 $142 29. Rh1 Nf7) 29. Rh1 {[%emt 0:00:16] White is winning.} Ng8 30. g5 Rg6 31. Rag1 {[%emt 0:00:39] Weighted Error Value: White=0.05 (flawless) /Black=0.28 (precise) .  Mistake:       	---       	Black=4      Inaccurate:     	White=1     	Black=1      OK:         	White=15    	Black=11     Best:        	---       	Black=1} 1-0

[Event "US Masters 2024"]
[Site "Charlotte"]
[Date "2024.11.28"]
[Round "1.11"]
[White "Shundi, Matias"]
[Black "Bok, Benjamin"]
[Result "1-0"]
[ECO "B22"]
[WhiteElo "2205"]
[BlackElo "2593"]
[Annotator "TA"]
[PlyCount "93"]
[EventDate "2024.09.23"]
[EventType "swiss"]
[EventCountry "USA"]
[SourceTitle "playchess.com"]
[Source "ChessBase"]
[SourceQuality "1"]
[TimeControl "5400+30"]

1. e4 c5 2. c3 Nf6 3. e5 Nd5 4. Nf3 d6 5. Bb5+ Bd7 6. Bc4 e6 7. d4 cxd4 8. Bxd5 {[%emt 0:00:51] The position is equal.} exd5 9. O-O Nc6 10. Bf4 dxe5 11. Bxe5 dxc3 12. Nxc3 Be6 13. Re1 Nxe5 14. Nxe5 {[%emt 0:00:49] Qa4+ would now be deadly.} Bd6 (14... Bc5 $1 $14) 15. Qa4+ $16 Kf8 16. Rad1 Bxe5 17. Rxe5 Qd6 {[%emt 0:00:00] [#] Black is weak on the dark squares} 18. Nxd5 $1 {[%emt 0:07:59][%cal Od5f6] White has more active pieces.} h6 {[%emt 0:00:00] [#]} ({Not} 18... Qxe5 19. Qa3+) (18... Rc8 19. Qf4) 19. Rde1 Kg8 20. Qc2 Rd8 {[%emt 0:00:00][%cal Od6d7] [#]} 21. h4 $1 g6 $2 {[%emt 0:02:20][%mdl 8192] [#] Black cannot hold the game after this.} (21... Qd7 $16) (21... h5 22. Nf4) 22. Rxe6 $1 $18 Qxd5 {[%emt 0:00:24] [#]} 23. Rxg6+ fxg6 24. Qxg6+ Kf8 {[%emt 0:00:00][%cal Od5f7] Strongly threatening ...Qf7!} 25. Qf6+ Kg8 {[%emt 0:00:01][%cal Oh8h7] [#] Hoping for ...Rh7!} 26. Re3 $1 {[%emt 0:01:40] Rg3+ would kill now.} ({But not} 26. Qg6+ Kf8) 26... Qd1+ 27. Kh2 {[%emt 0:00:10] White threatens Rg3+ and mate.} Qd6+ 28. Rg3+ Qxg3+ 29. Kxg3 {[%emt 0:00:20][%mdl 4096] Endgame. KQ-KRR} Rd7 30. Qe6+ Rf7 31. h5 Rhh7 32. f4 Rhg7+ 33. Kf3 Kh7 34. g4 Re7 35. Qf5+ Kh8 36. Qf6 Kh7 37. g5 hxg5 38. fxg5 Re1 39. g6+ Kh6 40. Qf4+ Kxh5 41. Qg4+ Kh6 42. Qh4+ Kxg6 43. Qxe1 Rf7+ 44. Kg4 {[%emt 0:00:07] White wants to mate with Qe6+.} a6 45. Qe6+ {[%emt 0:00:14] White mates.} Kg7 46. Kg5 Rf2 47. Qe5+ {[%emt 0:00:33] Weighted Error Value: White=0.03 (flawless) /Black=0.71.  Loses game:     	---       	Black=1      Mistake:       	White=1     	Black=1      Inaccurate:     	---       	Black=2      OK:         	White=6     	Black=7      Best:        	White=4     	Black=5      Strong:       	White=1     	---        Brilliant:      	White=2     	---} 1-0

[Event "US Masters 2024"]
[Site "Charlotte"]
[Date "2024.11.28"]
[Round "1.12"]
[White "Jacobson, Brandon"]
[Black "Chinni, Rishabh"]
[Result "1-0"]
[ECO "E57"]
[WhiteElo "2583"]
[BlackElo "2204"]
[Annotator "TA"]
[PlyCount "63"]
[EventDate "2024.09.23"]
[EventType "swiss"]
[EventCountry "USA"]
[SourceTitle "playchess.com"]
[Source "ChessBase"]
[SourceQuality "1"]
[TimeControl "5400+30"]

1. d4 Nf6 2. c4 e6 3. Nf3 d5 4. Nc3 Bb4 5. e3 c5 6. Bd3 Nc6 7. O-O dxc4 8. Bxc4 cxd4 9. exd4 O-O 10. a3 Be7 11. Re1 b6 12. Qd3 Bb7 13. Ba2 Qd7 (13... Qc7 $11) 14. Bg5 Rfd8 15. Rad1 {[%emt 0:01:05] White is more active.} h6 {[%emt 0:07:57] [#] White is better.} 16. Bh4 g5 $2 {[%emt 0:11:53][%mdl 8192] [#]} (16... Rac8 $16) 17. Bxg5 $1 $18 hxg5 {[%emt 0:02:37] [#]} (17... Nxd4 18. Nxd4) 18. Bxe6 $1 fxe6 (18... Qe8) 19. Qg6+ {[%emt 0:00:13] White is clearly winning.} Kh8 20. Nxg5 Qe8 21. Nf7+ Qxf7 22. Qxf7 {[%emt 0:00:04] Threatening mate with Rd3.} Rg8 23. d5 Rg7 24. Qxe6 Na5 25. Qxe7 Rxe7 26. Rxe7 Rc8 27. d6 Bc6 28. b4 Nc4 29. Rc7 Bd7 30. Nd5 Nxd5 31. Rxd5 Re8 32. h4 {[%emt 0:00:08] Black did not feel at home in the position after the opening.   Weighted Error Value: White=0.26 (precise) /Black=1.14.  Loses game:     	---       	Black=1      Mistake:       	---       	Black=1      Inaccurate:     	---       	Black=1      OK:         	White=2     	Black=1      Best:        	White=2     	Black=1      Strong:       	White=1     	---} (32. Rxc4 $2 Re1#) 1-0